Map: Eastwatch LE

Players

Seto - Winner!

  • Race: Zerg Zerg
  • League: Diamond
  • Spawn Location: 7:00

ForceJuly

  • Race: Zerg Zerg
  • Spawn Location: 1:00

VOD

Have the link to the VOD?

Description

Time

  • Played on: March 25, 2018, 9:50 p.m.
  • Length: 10:07
Show
View Real Time Build Order
Export as new Build Order

Seto Zerg - Winner!

Build Orders: Pool First, Zergling Baneling 

Get SALT Encoding   

  12  0:01  Drone  
  13  0:15  Extractor  
  12  0:24  Spawning Pool  
  12  0:28  Drone  
  12  0:34  Drone  
  13  0:40  Drone  
  14  0:51  Overlord  
  14  0:59  Extractor, Drone  
  15  1:15  Metabolic Boost  
  15  1:17  Zergling x2  
  17  1:18  Zergling x2  
  17  1:23  Zergling x2  
  18  1:34  Queen  
  18  1:39  Zergling x2  
  21  1:49  Drone  
  22  1:59  Baneling Nest  
  21  2:03  Overlord  
  21  2:08  Drone  
  22  2:35  Hatchery  
  21  2:44  Zergling x4  
  21  2:47  Baneling x2  
  21  2:50  Baneling  
  23  2:58  Zergling x2  
  24  2:59  Zergling x2  
  25  3:19  Drone x4  
  27  3:24  Drone  
  28  3:30  Zergling x2  
  28  3:35  Baneling  
  28  3:36  Baneling  
  28  3:37  Baneling x2  
  28  3:41  Zergling x2  
  29  3:49  Overlord  
  29  3:56  Queen  
  32  4:02  Drone  
  32  4:04  Drone  
  32  4:07  Drone  
  34  4:15  Zergling x2  
  34  4:16  Zergling x2  
  30  4:34  Baneling x6  
  30  4:35  Baneling  
  27  4:41  Baneling x3  
  27  4:43  Baneling  
  23  4:57  Zergling x6  
  25  5:06  Drone x2  
  27  5:14  Drone x2  
  27  5:20  Drone  
  30  5:24  Drone  
  30  5:25  Drone  
  32  5:33  Spine Crawler  
  32  5:35  Drone  
  32  5:39  Drone  
  32  5:41  Drone  
  34  5:44  Drone  
  34  5:48  Drone  
  36  5:52  Overlord  
  36  5:58  Drone x2  
  38  6:05  Drone x3  
  41  6:13  Roach Warren  
  40  6:23  Baneling x2  
  40  6:27  Drone x2  
  40  6:28  Drone  
  40  6:29  Overlord  
  40  6:32  Extractor, Drone x3  
  45  6:35  Extractor  
  45  6:36  Extractor  
  45  6:38  Drone  
  45  6:39  Drone  
  45  6:41  Drone  
  45  6:44  Drone  
  45  6:45  Drone  
  48  6:52  Lair  
  48  7:00  Drone x2  
  50  7:01  Drone  
  50  7:02  Drone x2  
  53  7:11  Evolution Chamber  
  53  7:13  Drone x3  
  53  7:15  Evolution Chamber  
  53  7:43  Zerg Missile Weapons Level 1  
  49  7:44  Zerg Ground Armor Level 1  
  49  7:45  Overlord x3  
  49  7:49  Spore Crawler  
  48  7:51  Hatchery  
  48  7:53  Spore Crawler  
  48  7:55  Glial Reconstitution  
  46  8:00  Zergling x2  
  47  8:06  Drone x2  
  47  8:08  Roach x3  
  47  8:11  Roach  
  57  8:19  Roach  
  63  8:20  Roach x2  
  63  8:24  Roach  
  65  8:30  Roach x3  
  71  8:35  Overlord  
  71  8:45  Roach x4  
  79  8:49  Overlord  
  79  8:53  Overlord  
  79  8:58  Roach  
  79  8:59  Roach  
  83  9:04  Roach x2  
  87  9:13  Roach  
  87  9:14  Roach x3  
  95  9:20  Roach x2  
  99  9:26  Drone  
  99  9:27  Drone x3  
  102  9:32  Drone  
  102  9:33  Drone x2  
  102  9:36  Spine Crawler  
  104  9:39  Spine Crawler  
Show
View Real Time Build Order
Export as new Build Order

ForceJuly Zerg 

Build Orders: Hatch First, Zergling Baneling 

Get SALT Encoding   

  12  0:00  Drone  
  13  0:12  Overlord  
  13  0:18  Drone  
  14  0:32  Drone x2  
  16  0:36  Drone  
  17  0:52  Hatchery  
  17  0:55  Drone  
  17  0:59  Drone  
  18  1:09  Extractor  
  17  1:14  Spawning Pool  
  17  1:17  Drone  
  17  1:20  Drone  
  18  1:28  Drone  
  19  1:38  Overlord  
  20  2:02  Queen, Zergling x4  
  20  2:03  Spine Crawler  
  23  2:11  Zergling x2  
  23  2:12  Metabolic Boost  
  24  2:22  Zergling x2  
  25  2:30  Baneling Nest  
  25  2:33  Drone  
  25  2:45  Zergling x2  
  26  2:55  Spine Crawler  
  26  2:57  Zergling x2  
  26  2:58  Queen  
  27  3:06  Overlord  
  27  3:17  Drone  
  19  3:23  Drone x3  
  22  3:35  Drone  
  23  3:46  Drone  
  23  3:47  Hatchery  
  23  3:53  Baneling x3  
  23  3:54  Baneling  
  23  3:56  Drone  
  23  4:01  Zergling x4  
  26  4:09  Zergling x2  
  27  4:11  Zergling x2  
  26  4:23  Zergling x2  
  28  4:25  Baneling x2  
  28  4:26  Baneling  
  28  4:27  Zergling x2  
  28  4:28  Zergling x2  
  27  4:38  Drone, Overlord  
  22  4:54  Baneling x2  
  22  5:00  Drone x4  
  25  5:11  Hatchery  
  24  5:16  Drone  
  24  5:19  Zergling x2  
  26  5:33  Zergling x6  
  29  5:57  Drone  
  29  5:58  Drone x4  
  34  6:06  Drone  
  35  6:16  Drone  
  32  6:21  Zergling x6  
  32  6:24  Queen  
  37  6:26  Drone  
  37  6:27  Lair  
  38  6:34  Evolution Chamber  
  37  6:40  Drone x3  
  40  6:55  Drone x2  
  40  6:57  Drone x4  
  40  6:58  Extractor  
  40  6:59  Extractor  
  44  7:08  Drone  
  45  7:09  Zerg Missile Weapons Level 1  
  45  7:11  Drone x2  
  45  7:12  Overlord  
  47  7:20  Drone x4  
  47  7:21  Drone  
  52  7:31  Roach Warren  
  52  7:32  Overseer  
  52  7:35  Drone x3  
  52  7:36  Drone  
  53  7:44  Baneling x2  
  53  7:47  Zergling x4  
  55  7:57  Evolution Chamber  
  54  8:02  Zergling x10  
  58  8:06  Hatchery  
  57  8:14  Extractor  
  57  8:17  Hydralisk Den  
  57  8:18  Overlord x2  
  57  8:19  Overlord  
  55  8:23  Glial Reconstitution  
  55  8:34  Baneling x2  
  55  8:38  Drone  
  55  8:39  Drone x2  
  58  8:44  Overlord x2  
  58  8:45  Roach x2  
  62  8:54  Lurker Den  
  61  9:07  Overlord  
  61  9:08  Roach x5  
  71  9:19  Queen  
  71  9:20  Drone x3  
  78  9:24  Roach  
  78  9:30  Roach x2  
  82  9:37  Roach x2  
  82  9:38  Roach  
  88  9:41  Roach  
  90  9:49  Zergling x2  
  90  9:50  Zergling x4  
Tags
 
Add a new tag
Caveats
  • Supply blocks, unpowered buildings, or Contaminate may cause inaccurate times.
  • Supply counts are checked every 10 seconds.